Seattle Thunderbirds vs Manitoba Moose

Created - 7 mai 2020 at 15:48

Goals
1 2 3 T
Seattle Thunderbirds 1 1 1 3
Manitoba Moose 1 0 1 2
Shots
1 2 3 T
Seattle Thunderbirds 7 13 10 30
Manitoba Moose 15 13 10 38

1st period

1. Manitoba Moose , Jan Kovar 1 (Colin Greening 1, Matt Lorito 1) at 17:46
2. Seattle Thunderbirds , Josh Leivo 4 (Jesperi Kotkaniemi 7) at 19:53

Penalties :
T.J. Tynan (THU) for Interference (Minor) at 2:47

2nd period

3. Seattle Thunderbirds , Yannick Weber 2 (Josh Leivo 7, Matt Tennyson 1) at 3:16

Penalties :
Matt Hendricks (MOO) for Fighting (Major) at 10:15, T.J. Tynan (THU) for Fighting (Major) at 10:15, Matt Hendricks (MOO) for Holding (Minor) at 17:34

3rd period

4. Manitoba Moose , Denis Gurianov 6 (Matt Hendricks 3) at 3:02 (PP)
5. Seattle Thunderbirds , Stefan Noesen 2 (Sam Carrick 3, T.J. Tynan 2) at 7:24

Penalties :
Matt Irwin (THU) for Hooking (Minor) at 1:12, Matt Hendricks (MOO) for Fighting (Major) at 4:56, Jacob MacDonald (THU) for Fighting (Major) at 4:56, Matt Irwin (THU) for Diving (Minor) at 15:14

Goalie Stats

Mitch Gillam (THU), 36 saves from 38 shots - (0,947), W, 3-3-0, 60:00 minutes
Atte Tolvanen (MOO), 27 saves from 30 shots - (0,900), L, 3-2-0, 59:20 minutes

Players Stats for Seattle Thunderbirds

Player Name              G  A  P  +/- PIM S  H  SB GA TA FO     MP     PP MP  PK MP  
------------------------------------------------------------------------------------
Andrew Campbell          0  0  0   1  0   0  0  0  0  0  0/0    12:35   0:00   0:00 
Brett Sutter             0  0  0  -1  0   0  0  0  1  0  0/0     7:28   0:00   0:24 
Brooks Macek             0  0  0   0  0   2  0  0  0  0  0/0    12:50   0:00   0:00 
Emil Pettersson          0  0  0   0  0   0  1  0  0  0  0/0     5:03   0:00   0:00 
Jacob Larsson            0  0  0   0  0   2  3  5  0  1  0/0    28:29   0:46   3:35 
Jacob MacDonald          0  0  0   0  5   2  0  1  1  2  0/0    23:06   0:46   3:35 
Jesperi Kotkaniemi       0  1  1   1  0   6  1  1  1  1  21/32  22:54   1:13   3:30 
Joey LaLeggia            0  0  0   1  0   3  0  0  2  0  0/0    19:32   1:13   2:13 
Josh Leivo               1  1  2   2  0   4  0  0  0  2  1/7    23:13   1:13   3:26 
Logan Brown              0  0  0   0  0   3  1  0  0  0  3/5    13:26   0:00   0:00 
Logan Stanley            0  0  0   0  0   0  0  0  0  0  0/0     4:17   0:00   0:00 
Matt Irwin               0  0  0   1  4   0  2  1  0  1  0/0    17:08   1:13   0:00 
Matt Read                0  0  0   0  0   2  0  1  2  1  0/0    13:50   0:00   0:33 
Matt Tennyson            0  1  1   1  0   1  0  0  0  0  0/0    12:28   0:00   0:00 
Peter Cehlarik           0  0  0   0  0   0  1  0  0  1  0/0     5:03   0:00   0:00 
Sam Carrick              0  1  1   1  0   1  2  0  1  0  10/15  18:04   0:46   1:47 
Stefan Noesen            1  0  1   1  0   2  3  0  0  0  0/0    18:11   0:46   1:56 
T.J. Tynan               0  1  1   1  7   1  1  0  1  1  0/1    15:19   0:46   0:00 
Yannick Weber            1  0  1   1  0   1  2  1  1  1  1/4    21:11   1:13   2:13 

Players Stats for Manitoba Moose

Player Name              G  A  P  +/- PIM S  H  SB GA TA FO     MP     PP MP  PK MP  
------------------------------------------------------------------------------------
Andreas Borgman          0  0  0  -2  0   2  1  0  0  0  0/0    13:16   3:33   0:00 
Brian Lashoff            0  0  0   0  0   1  1  0  0  2  0/0    12:15   0:00   0:32 
Chris Thorburn           0  0  0   0  0   0  0  1  0  1  1/3    13:18   0:00   1:03 
Colin Greening           0  1  1   0  0   2  2  0  0  0  0/0    15:26   4:03   0:00 
David Warsofsky          0  0  0   1  0   1  0  0  0  1  0/0    11:24   2:15   0:00 
Denis Gurianov           1  0  1  -1  0   8  0  0  2  1  3/4    20:24   1:45   0:00 
Gerald Mayhew            0  0  0  -1  0   3  5  0  0  0  16/33  20:18   1:45   0:00 
Guillaume Brisebois      0  0  0  -2  0   0  0  0  0  0  0/0    13:16   3:33   0:00 
Jan Kovar                1  0  1   0  0   4  0  0  1  0  4/6    15:23   4:03   0:00 
Luke Gazdic              0  0  0   0  0   0  2  1  0  0  0/0    12:30   0:00   1:03 
Matt Bartkowski          0  0  0   0  0   0  1  0  0  0  0/0    12:15   0:00   0:32 
Matt Beleskey            0  0  0  -1  0   4  0  0  0  1  0/0    11:25   0:00   0:56 
Matt Grzelcyk            0  0  0  -1  0   3  0  6  1  2  0/0    23:05   0:00   1:27 
Matt Hendricks           0  1  1  -1  12  3  1  0  3  0  0/3    15:11   1:45   0:00 
Matt Lorito              0  1  1   0  0   4  0  1  1  0  0/1    15:23   4:03   0:00 
Sean Malone              0  0  0   0  0   3  1  0  0  0  1/4    11:17   0:00   0:00 
Shane Gersich            0  0  0  -1  0   0  2  1  0  1  3/9    15:43   0:00   0:00 
Tom Pyatt                0  0  0  -1  0   0  1  2  1  0  0/1    11:40   0:00   0:56 
Urho Vaakanainen         0  0  0   1  0   0  0  0  0  0  0/0    11:24   2:15   0:00 
Victor Mete              0  0  0  -1  0   0  1  7  2  1  0/0    23:05   0:00   1:27 

3 Stars

1 - Josh Leivo (THU)
2 - Mitch Gillam (THU)
3 - Stefan Noesen (THU)

Power Play

Seattle Thunderbirds - 0 on 1 Attempt(s) - 0,00%
Manitoba Moose - 1 on 3 Attempt(s) - 33,33%

Penalty Kill

Seattle Thunderbirds - 2 on 3 Attempt(s) - 66,67% - Score 0 goal in Penalty Kill
Manitoba Moose - 1 on 1 Attempt(s) - 100,00% - Score 0 goal in Penalty Kill

Team Stat

Seattle Thunderbirds - Hits : 17 - Faceoff Wins : 36 - Blocked Shots : 10 - Penalty Minutes : 16
Manitoba Moose - Hits : 18 - Faceoff Wins : 28 - Blocked Shots : 19 - Penalty Minutes : 12

Official

Referees : Kevin Pollock and Dan O'Rourke
Linesman : Vaughan Rody and Mark Wheler

Game Notes

Matt Hendricks and T.J. Tynan fight to a draw at 10:15 of 2nd period
Jacob MacDonald beats up Matt Hendricks at 4:56 of 3rd period

Finance

Level 1 -- Attendance: 1710 (85,50%) -- Ticket Income 59 850 $
Level 2 -- Attendance: 887 (88,70%) -- Ticket Income 13 305 $
Total Attendance: 2597 (86,57%)
Total Ticket Income: 73 155 $
Other Income: 35 846 $
Total Income: 109 001 $

Seattle Thunderbirds

5 vs 5 Forward 
   Center                   Left Wing                Right Wing               Time % Phy DF OF 
 1 Jesperi Kotkaniemi       Josh Leivo               Yannick Weber            40     1   2  2  
 2 Sam Carrick              Stefan Noesen            T.J. Tynan               30     1   2  2  
 3 Logan Brown              Matt Read                Brooks Macek             20     1   2  2  
 4 Emil Pettersson          Peter Cehlarik           Josh Leivo               10     1   2  2  

5 vs 5 Defense 
   Defense                  Defense                                           Time % Phy DF OF 
 1 Jacob Larsson            Jacob MacDonald                                   40     1   2  2  
 2 Joey LaLeggia            Matt Irwin                                        30     1   2  2  
 3 Matt Tennyson            Andrew Campbell                                   20     1   2  2  
 4 Logan Stanley            Jacob Larsson                                     10     1   2  2  

PowerPlay Forward 
   Center                   Left Wing                Right Wing               Time % Phy DF OF 
 1 Jesperi Kotkaniemi       Josh Leivo               Yannick Weber            60     1   2  2  
 2 Sam Carrick              Stefan Noesen            T.J. Tynan               40     1   2  2  

PowerPlay Defense
   Defense                  Defense                                           Time % Phy DF OF 
 1 Jacob Larsson            Jacob MacDonald                                   60     1   2  2  
 2 Joey LaLeggia            Matt Irwin                                        40     1   2  2  

Penalty Kill 4 Players Forward 
   Center                   Wing                     Time % Phy DF OF 
 1 Josh Leivo               Jesperi Kotkaniemi       60     1   2  2  
 2 Sam Carrick              Stefan Noesen            40     1   2  2  

Penalty Kill 4 Players Defense
   Defense                  Defense                  Time % Phy DF OF 
 1 Jacob Larsson            Jacob MacDonald          60     1   2  2  
 2 Yannick Weber            Joey LaLeggia            40     1   2  2  

Penalty Kill - 3 Players Forward 
   Forward                                           Time % Phy DF OF 
 1 Josh Leivo                                        60     1   2  2  
 2 Jesperi Kotkaniemi                                40     1   2  2  

Penalty Kill - 3 Players Defense
   Defense                  Defense                  Time % Phy DF OF 
 1 Jacob Larsson            Jacob MacDonald          60     1   2  2  
 2 Yannick Weber            Joey LaLeggia            40     1   2  2  

4 vs 4 Forward 
   Center                   Wing                     Time % Phy DF OF 
 1 Josh Leivo               Jesperi Kotkaniemi       60     1   2  2  
 2 Sam Carrick              Stefan Noesen            40     1   2  2  

4 vs 4 Defense
   Defense                  Defense                  Time % Phy DF OF 
 1 Jacob Larsson            Jacob MacDonald          60     1   2  2  
 2 Yannick Weber            Joey LaLeggia            40     1   2  2  

Last Minutes Offensive
   Center                   Left Wing                Right Wing               Defense                  Defense                  
   Jesperi Kotkaniemi       Josh Leivo               Yannick Weber            Jacob Larsson            Jacob MacDonald          

Last Minutes Defensive
   Center                   Left Wing                Right Wing               Defense                  Defense                  
   Jesperi Kotkaniemi       Josh Leivo               Yannick Weber            Jacob Larsson            Jacob MacDonald          

Goaltenders
Starting : Mitch Gillam             
Backup : John Muse                

Extra Forwards
Normal : Brett Sutter, Logan Brown, Matt Read - PP : Brett Sutter, Logan Brown - PK : Matt Read
Extra Defensemen
Normal : Matt Tennyson, Andrew Campbell, Logan Stanley - PP : Matt Tennyson - PK : Andrew Campbell, Logan Stanley
Penalty Shots
Josh Leivo, Jesperi Kotkaniemi, Sam Carrick, Yannick Weber, Stefan Noesen

Scratches
Rob O'Gara (Healthy), Vincent LoVerde (Healthy), Rourke Chartier (Healthy), Landon Ferraro (Healthy), Hampus Gustafsson (Healthy)
Zane McIntyre (Healthy), Jake Paterson (Healthy)

Manitoba Moose

5 vs 5 Forward 
   Center                   Left Wing                Right Wing               Time % Phy DF OF 
 1 Gerald Mayhew            Denis Gurianov           Matt Hendricks           40     1   2  2  
 2 Jan Kovar                Colin Greening           Matt Lorito              20     1   2  2  
 3 Shane Gersich            Matt Beleskey            Tom Pyatt                20     1   2  2  
 4 Sean Malone              Luke Gazdic              Chris Thorburn           20     1   2  2  

5 vs 5 Defense 
   Defense                  Defense                                           Time % Phy DF OF 
 1 Matt Grzelcyk            Victor Mete                                       43     0   0  5  
 2 Guillaume Brisebois      Andreas Borgman                                   19     1   2  2  
 3 Urho Vaakanainen         David Warsofsky                                   19     1   2  2  
 4 Brian Lashoff            Matt Bartkowski                                   19     1   2  2  

PowerPlay Forward 
   Center                   Left Wing                Right Wing               Time % Phy DF OF 
 1 Gerald Mayhew            Denis Gurianov           Matt Hendricks           50     1   2  2  
 2 Jan Kovar                Colin Greening           Matt Lorito              50     1   2  2  

PowerPlay Defense
   Defense                  Defense                                           Time % Phy DF OF 
 1 Urho Vaakanainen         David Warsofsky                                   50     1   2  2  
 2 Guillaume Brisebois      Andreas Borgman                                   50     1   2  2  

Penalty Kill 4 Players Forward 
   Center                   Wing                     Time % Phy DF OF 
 1 Chris Thorburn           Luke Gazdic              50     1   2  2  
 2 Tom Pyatt                Matt Beleskey            50     1   2  2  

Penalty Kill 4 Players Defense
   Defense                  Defense                  Time % Phy DF OF 
 1 Matt Grzelcyk            Victor Mete              70     1   2  2  
 2 Brian Lashoff            Matt Bartkowski          30     1   2  2  

Penalty Kill - 3 Players Forward 
   Forward                                           Time % Phy DF OF 
 1 Shane Gersich                                     50     1   2  2  
 2 Sean Malone                                       50     1   2  2  

Penalty Kill - 3 Players Defense
   Defense                  Defense                  Time % Phy DF OF 
 1 Matt Grzelcyk            Victor Mete              70     1   2  2  
 2 Brian Lashoff            Matt Bartkowski          30     1   2  2  

4 vs 4 Forward 
   Center                   Wing                     Time % Phy DF OF 
 1 Gerald Mayhew            Tom Pyatt                50     1   2  2  
 2 Sean Malone              Chris Thorburn           50     1   2  2  

4 vs 4 Defense
   Defense                  Defense                  Time % Phy DF OF 
 1 Andreas Borgman          Matt Grzelcyk            50     1   2  2  
 2 Guillaume Brisebois      Victor Mete              50     1   2  2  

Last Minutes Offensive
   Center                   Left Wing                Right Wing               Defense                  Defense                  
   Gerald Mayhew            Shane Gersich            Denis Gurianov           Victor Mete              Matt Grzelcyk            

Last Minutes Defensive
   Center                   Left Wing                Right Wing               Defense                  Defense                  
   Chris Thorburn           Tom Pyatt                Denis Gurianov           Victor Mete              Matt Grzelcyk            

Goaltenders
Starting : Atte Tolvanen            
Backup : Evan Cormier             

Extra Forwards
Normal : Shane Gersich, Denis Gurianov, Gerald Mayhew - PP : Shane Gersich, Matt Beleskey - PK : Shane Gersich
Extra Defensemen
Normal : Andreas Borgman, Brian Lashoff, Matt Bartkowski - PP : Matt Grzelcyk - PK : David Warsofsky, Urho Vaakanainen
Penalty Shots
Denis Gurianov, Shane Gersich, Gerald Mayhew, Matt Beleskey, Matt Lorito

Scratches
Pierre Engvall (Left Leg Injury), Jake Walman (Healthy), Thomas Schemitsch (Healthy), Zach Magwood (Healthy), Chase Pearson (Healthy)
Christopher Gibson (Healthy)

% Time on Ice - Seattle Thunderbirds

Lines # - Real PCT - Wanted PCT - Time Play
Normal Forward
1 - 33% - 40% - 17:02
2 - 32% - 30% - 16:07
3 - 25% - 20% - 12:50
4 - 10% - 10% - 5:03
Normal Defense
1 - 39% - 40% - 19:41
2 - 32% - 30% - 16:06
3 - 21% - 20% - 10:58
4 - 8% - 10% - 4:17
PP Forward
1 - 61% - 60% - 1:13
2 - 39% - 40% - 0:46
PP Defense
1 - 39% - 60% - 0:46
2 - 61% - 40% - 1:13
PK Forward
1 - 69% - 60% - 4:01
2 - 31% - 40% - 1:47
PK Defense
1 - 62% - 60% - 3:35
2 - 38% - 40% - 2:13
PK3 Forward
1 - 0% - 60%
2 - 0% - 40%
PK3 Defense
1 - 0% - 60%
2 - 0% - 40%
44 Forward
1 - 0% - 60%
2 - 0% - 40%
44 Defense
1 - 0% - 60%
2 - 0% - 40%
Last Minute Offensive  - 0:00
Last Minute Defensive  - 1:11
Total
Forward - 60:00
Defense - 60:00

% Time on Ice - Manitoba Moose

Lines # - Real PCT - Wanted PCT - Time Play
Normal Forward
1 - 34% - 40% - 17:21
2 - 23% - 20% - 11:58
3 - 21% - 20% - 10:29
4 - 22% - 20% - 11:17
Normal Defense
1 - 40% - 43% - 20:33
2 - 19% - 19% - 9:50
3 - 18% - 19% - 9:09
4 - 23% - 19% - 11:33
PP Forward
1 - 30% - 50% - 1:45
2 - 70% - 50% - 4:03
PP Defense
1 - 39% - 50% - 2:15
2 - 61% - 50% - 3:33
PK Forward
1 - 53% - 50% - 1:03
2 - 47% - 50% - 0:56
PK Defense
1 - 73% - 70% - 1:27
2 - 27% - 30% - 0:32
PK3 Forward
1 - 0% - 50%
2 - 0% - 50%
PK3 Defense
1 - 0% - 70%
2 - 0% - 30%
44 Forward
1 - 0% - 50%
2 - 0% - 50%
44 Defense
1 - 0% - 50%
2 - 0% - 50%
Last Minute Offensive  - 1:08
Last Minute Defensive  - 0:00
Total
Forward - 60:00
Defense - 60:00

Play-by-Play

1st period


0:01 of 1st period - Denis Gurianov wins face-off versus Jesperi Kotkaniemi in neutral zone.
0:04 of 1st period - Snap shot by Gerald Mayhew.
0:04 of 1st period - Shot Hit the Post.
0:12 of 1st period - Wrist shot by Denis Gurianov.
0:12 of 1st period - Shot Blocked by Jacob Larsson.
0:14 of 1st period - Snap shot by Matt Hendricks.
0:14 of 1st period - Stopped by Mitch Gillam with a rebound.
0:26 of 1st period - T.J. Tynan is hit by Colin Greening and loses puck.
1:13 of 1st period - Snap shot by Sean Malone.
1:13 of 1st period - Stopped by Mitch Gillam without a rebound.
1:14 of 1st period - Sam Carrick wins face-off versus Gerald Mayhew in Seattle Thunderbirds zone.
1:29 of 1st period - Gerald Mayhew is hit by Stefan Noesen and loses puck.
2:04 of 1st period - Wrist shot by Tom Pyatt.
2:04 of 1st period - Shot Misses the Net.
2:25 of 1st period - Icing by Matt Lorito.
2:26 of 1st period - Sam Carrick wins face-off versus Jan Kovar in Manitoba Moose zone.
2:47 of 1st period - Minor Penalty to T.J. Tynan for Interference.
2:48 of 1st period - Josh Leivo wins face-off versus Gerald Mayhew in Seattle Thunderbirds zone.
2:59 of 1st period - Slapshot by Gerald Mayhew.
2:59 of 1st period - Shot Misses the Net.
3:01 of 1st period - Slapshot by David Warsofsky.
3:01 of 1st period - Stopped by Mitch Gillam with a rebound.
3:13 of 1st period - Urho Vaakanainen is hit by Sam Carrick and loses puck.
3:21 of 1st period - Icing by Matt Lorito.
3:22 of 1st period - Jan Kovar wins face-off versus Josh Leivo in Manitoba Moose zone.
4:27 of 1st period - Snap shot by Jan Kovar.
4:27 of 1st period - Stopped by Mitch Gillam with a rebound.
4:29 of 1st period - Backhand shot by Colin Greening.
4:29 of 1st period - Shot Misses the Net.
4:31 of 1st period - Snap shot by Colin Greening.
4:31 of 1st period - Deflect By Matt Lorito.
4:31 of 1st period - Stopped by Mitch Gillam with a rebound.
4:33 of 1st period - Wrist shot by Jan Kovar.
4:33 of 1st period - Shot Misses the Net.
4:39 of 1st period - Wrist shot by Jan Kovar.
4:39 of 1st period - Shot Misses the Net.
4:41 of 1st period - Slapshot by Guillaume Brisebois.
4:41 of 1st period - Shot Blocked by Jesperi Kotkaniemi.
4:47 of 1st period - Penalty to T.J. Tynan is over, T.J. Tynan is back on ice.
5:13 of 1st period - Wrist shot by Jan Kovar.
5:13 of 1st period - Shot Misses the Net.
5:36 of 1st period - Snap shot by Matt Lorito.
5:36 of 1st period - Shot Misses the Net.
5:38 of 1st period - Wrist shot by Andreas Borgman.
5:38 of 1st period - Stopped by Mitch Gillam without a rebound.
5:39 of 1st period - Logan Brown wins face-off versus Matt Hendricks in Seattle Thunderbirds zone.
6:07 of 1st period - Stefan Noesen is hit by Luke Gazdic and loses puck.
6:34 of 1st period - Brooks Macek is hit by Shane Gersich and loses puck.
6:49 of 1st period - Joey LaLeggia is hit by Gerald Mayhew and loses puck.
9:41 of 1st period - Jacob MacDonald is hit by Brian Lashoff.
10:11 of 1st period - Slapshot by Brooks Macek.
10:11 of 1st period - Stopped by Atte Tolvanen with a rebound.
10:40 of 1st period - Tom Pyatt is hit by Emil Pettersson and loses puck.
11:01 of 1st period - Wrist shot by Jesperi Kotkaniemi.
11:01 of 1st period - Stopped by Atte Tolvanen with a rebound.
11:33 of 1st period - Shane Gersich is hit by Stefan Noesen and loses puck.
11:52 of 1st period - Colin Greening is hit by Matt Irwin and loses puck.
12:21 of 1st period - Shane Gersich is hit by Peter Cehlarik and loses puck.
12:56 of 1st period - Matt Hendricks is hit by Matt Irwin and loses puck.
13:38 of 1st period - Wrist shot by Matt Read.
13:38 of 1st period - Stopped by Atte Tolvanen with a rebound.
14:18 of 1st period - Wrist shot by Brooks Macek.
14:18 of 1st period - Shot Misses the Net.
14:20 of 1st period - Snap shot by Matt Read.
14:20 of 1st period - Shot Misses the Net.
15:12 of 1st period - Snap shot by Sam Carrick.
15:12 of 1st period - Shot Misses the Net.
16:07 of 1st period - Slapshot by Matt Beleskey.
16:07 of 1st period - Stopped by Mitch Gillam without a rebound.
16:08 of 1st period - Shane Gersich wins face-off versus Yannick Weber in Seattle Thunderbirds zone.
16:09 of 1st period - Wrist shot by Matt Beleskey.
16:09 of 1st period - Stopped by Mitch Gillam without a rebound.
16:10 of 1st period - Jesperi Kotkaniemi wins face-off versus Shane Gersich in Seattle Thunderbirds zone.
16:19 of 1st period - Wrist shot by Matt Beleskey.
16:19 of 1st period - Stopped by Mitch Gillam with a rebound.
16:53 of 1st period - Wrist shot by Yannick Weber.
16:53 of 1st period - Shot Hit the Post.
17:34 of 1st period - Snap shot by Matt Lorito.
17:34 of 1st period - Stopped by Mitch Gillam with a rebound.
17:38 of 1st period - Slapshot by Jan Kovar.
17:38 of 1st period - Shot Blocked by Yannick Weber.
17:40 of 1st period - Slapshot by Colin Greening.
17:40 of 1st period - Shot Misses the Net.
17:42 of 1st period - Wrist shot by Colin Greening.
17:42 of 1st period - Stopped by Mitch Gillam with a rebound.
17:44 of 1st period - Snap shot by Jan Kovar.
17:44 of 1st period - Shot Misses the Net.
17:46 of 1st period - Wrist shot by Jan Kovar.
17:46 of 1st period - Goal by Jan Kovar - Seattle Thunderbirds : 0 - Manitoba Moose : 1.
17:47 of 1st period - Gerald Mayhew wins face-off versus Sam Carrick in neutral zone.
17:59 of 1st period - Wrist shot by Gerald Mayhew.
17:59 of 1st period - Stopped by Mitch Gillam with a rebound.
18:17 of 1st period - Wrist shot by Matt Beleskey.
18:17 of 1st period - Stopped by Mitch Gillam without a rebound.
18:18 of 1st period - Logan Brown wins face-off versus Denis Gurianov in Seattle Thunderbirds zone.
18:30 of 1st period - Wrist shot by Matt Hendricks.
18:30 of 1st period - Stopped by Mitch Gillam without a rebound.
18:31 of 1st period - Sam Carrick wins face-off versus Gerald Mayhew in Seattle Thunderbirds zone.
18:38 of 1st period - Slapshot by Stefan Noesen.
18:38 of 1st period - Shot Misses the Net.
19:43 of 1st period - Wrist shot by Logan Brown.
19:43 of 1st period - Deflect By Brooks Macek.
19:43 of 1st period - Stopped by Atte Tolvanen without a rebound.
19:44 of 1st period - Jesperi Kotkaniemi wins face-off versus Shane Gersich in Manitoba Moose zone.
19:45 of 1st period - Snap shot by Josh Leivo.
19:45 of 1st period - Shot Blocked by Shane Gersich.
19:47 of 1st period - Snap shot by Joey LaLeggia.
19:47 of 1st period - Stopped by Atte Tolvanen with a rebound.
19:49 of 1st period - Snap shot by Josh Leivo.
19:49 of 1st period - Stopped by Atte Tolvanen without a rebound.
19:50 of 1st period - Jesperi Kotkaniemi wins face-off versus Shane Gersich in Manitoba Moose zone.
19:53 of 1st period - Wrist shot by Josh Leivo.
19:53 of 1st period - Goal by Josh Leivo - Seattle Thunderbirds : 1 - Manitoba Moose : 1.
19:54 of 1st period - Jesperi Kotkaniemi wins face-off versus Gerald Mayhew in neutral zone.
Goals for this period are 1 for Seattle Thunderbirds vs 1 for Manitoba Moose.
Shots for this period are 7 for Seattle Thunderbirds vs 15 for Manitoba Moose.

2nd period


0:01 of 2nd period - Jesperi Kotkaniemi wins face-off versus Gerald Mayhew in neutral zone.
0:34 of 2nd period - Slapshot by Sean Malone.
0:34 of 2nd period - Stopped by Mitch Gillam without a rebound.
0:35 of 2nd period - Gerald Mayhew wins face-off versus Sam Carrick in Seattle Thunderbirds zone.
0:44 of 2nd period - Wrist shot by T.J. Tynan.
0:44 of 2nd period - Stopped by Atte Tolvanen with a rebound.
0:46 of 2nd period - Snap shot by Stefan Noesen.
0:46 of 2nd period - Stopped by Atte Tolvanen without a rebound.
0:47 of 2nd period - Gerald Mayhew wins face-off versus Jesperi Kotkaniemi in Manitoba Moose zone.
0:47 of 2nd period - Gerald Mayhew is hit by Yannick Weber.
0:55 of 2nd period - Snap shot by Matt Hendricks.
0:55 of 2nd period - Shot Misses the Net.
0:57 of 2nd period - Slapshot by Matt Grzelcyk.
0:57 of 2nd period - Deflect By Denis Gurianov.
0:57 of 2nd period - Stopped by Mitch Gillam with a rebound.
0:59 of 2nd period - Snap shot by Victor Mete.
0:59 of 2nd period - Deflect By Gerald Mayhew.
0:59 of 2nd period - Stopped by Mitch Gillam without a rebound.
1:00 of 2nd period - Jesperi Kotkaniemi wins face-off versus Gerald Mayhew in Seattle Thunderbirds zone.
1:00 of 2nd period - Jesperi Kotkaniemi is hit by Gerald Mayhew.
2:25 of 2nd period - Snap shot by T.J. Tynan.
2:25 of 2nd period - Shot Misses the Net.
2:40 of 2nd period - Off-side.
2:41 of 2nd period - Jesperi Kotkaniemi wins face-off versus Shane Gersich in neutral zone.
3:12 of 2nd period - Wrist shot by Jesperi Kotkaniemi.
3:12 of 2nd period - Stopped by Atte Tolvanen with a rebound.
3:14 of 2nd period - Slapshot by Matt Tennyson.
3:14 of 2nd period - Deflect By Josh Leivo.
3:14 of 2nd period - Stopped by Atte Tolvanen with a rebound.
3:16 of 2nd period - Slapshot by Yannick Weber.
3:16 of 2nd period - Goal by Yannick Weber - Seattle Thunderbirds : 2 - Manitoba Moose : 1.
3:17 of 2nd period - Sam Carrick wins face-off versus Gerald Mayhew in neutral zone.
3:26 of 2nd period - Stefan Noesen is hit by Victor Mete and loses puck.
3:33 of 2nd period - Snap shot by Denis Gurianov.
3:33 of 2nd period - Stopped by Mitch Gillam with a rebound.
4:06 of 2nd period - Andreas Borgman is hit by Yannick Weber and loses puck.
4:11 of 2nd period - Wrist shot by Jesperi Kotkaniemi.
4:11 of 2nd period - Shot Misses the Net.
4:13 of 2nd period - Backhand shot by Matt Tennyson.
4:13 of 2nd period - Shot Misses the Net.
4:23 of 2nd period - Colin Greening is hit by T.J. Tynan.
4:27 of 2nd period - Wrist shot by Stefan Noesen.
4:27 of 2nd period - Shot Misses the Net.
5:05 of 2nd period - Jacob Larsson is hit by Andreas Borgman and loses puck.
6:26 of 2nd period - Snap shot by Matt Read.
6:26 of 2nd period - Shot Misses the Net.
6:40 of 2nd period - Snap shot by Jan Kovar.
6:40 of 2nd period - Stopped by Mitch Gillam without a rebound.
6:41 of 2nd period - Jan Kovar wins face-off versus Sam Carrick in Seattle Thunderbirds zone.
7:43 of 2nd period - Snap shot by Denis Gurianov.
7:43 of 2nd period - Stopped by Mitch Gillam with a rebound.
8:32 of 2nd period - Icing by Matt Beleskey.
8:33 of 2nd period - Shane Gersich wins face-off versus Logan Brown in Manitoba Moose zone.
9:09 of 2nd period - Snap shot by Sam Carrick.
9:09 of 2nd period - Shot Misses the Net.
9:11 of 2nd period - Wrist shot by Joey LaLeggia.
9:11 of 2nd period - Stopped by Atte Tolvanen without a rebound.
9:12 of 2nd period - Jesperi Kotkaniemi wins face-off versus Sean Malone in Manitoba Moose zone.
9:19 of 2nd period - Snap shot by Jesperi Kotkaniemi.
9:19 of 2nd period - Stopped by Atte Tolvanen without a rebound.
9:20 of 2nd period - Jesperi Kotkaniemi wins face-off versus Sean Malone in Manitoba Moose zone.
10:07 of 2nd period - Wrist shot by Josh Leivo.
10:07 of 2nd period - Shot Misses the Net.
10:14 of 2nd period - Slapshot by Josh Leivo.
10:14 of 2nd period - Deflect By Tom Pyatt.
10:14 of 2nd period - Shot Blocked by Tom Pyatt.
10:14 of 2nd period - Puck is out of play.
10:15 of 2nd period - Sam Carrick wins face-off versus Gerald Mayhew in Manitoba Moose zone.
10:15 of 2nd period - Matt Hendricks and T.J. Tynan fight to a draw.
10:15 of 2nd period - Penalty to Matt Hendricks for Fighting.
10:15 of 2nd period - Penalty to T.J. Tynan for Fighting.
10:16 of 2nd period - Sam Carrick wins face-off versus Gerald Mayhew in Manitoba Moose zone.
10:21 of 2nd period - Slapshot by Sam Carrick.
10:21 of 2nd period - Shot Blocked by Matt Grzelcyk.
10:46 of 2nd period - Wrist shot by Josh Leivo.
10:46 of 2nd period - Stopped by Atte Tolvanen without a rebound.
10:47 of 2nd period - Gerald Mayhew wins face-off versus Josh Leivo in Manitoba Moose zone.
10:53 of 2nd period - Off-side.
10:54 of 2nd period - Jesperi Kotkaniemi wins face-off versus Gerald Mayhew in neutral zone.
11:07 of 2nd period - Jesperi Kotkaniemi is hit by Gerald Mayhew and loses puck.
11:39 of 2nd period - Snap shot by Matt Lorito.
11:39 of 2nd period - Stopped by Mitch Gillam with a rebound.
11:45 of 2nd period - Colin Greening is hit by Jacob Larsson and loses puck.
12:24 of 2nd period - Wrist shot by Sean Malone.
12:24 of 2nd period - Shot Misses the Net.
12:26 of 2nd period - Wrist shot by Andreas Borgman.
12:26 of 2nd period - Stopped by Mitch Gillam without a rebound.
12:27 of 2nd period - Jesperi Kotkaniemi wins face-off versus Jan Kovar in Seattle Thunderbirds zone.
12:38 of 2nd period - Wrist shot by Jesperi Kotkaniemi.
12:38 of 2nd period - Shot Blocked by Matt Lorito.
12:40 of 2nd period - Wrist shot by Jesperi Kotkaniemi.
12:40 of 2nd period - Shot Blocked by Victor Mete.
13:13 of 2nd period - Slapshot by Logan Brown.
13:13 of 2nd period - Stopped by Atte Tolvanen with a rebound.
13:15 of 2nd period - Snap shot by Jacob Larsson.
13:15 of 2nd period - Shot Blocked by Luke Gazdic.
13:17 of 2nd period - Slapshot by Jacob Larsson.
13:17 of 2nd period - Stopped by Atte Tolvanen without a rebound.
13:18 of 2nd period - Gerald Mayhew wins face-off versus Jesperi Kotkaniemi in Manitoba Moose zone.
14:10 of 2nd period - Wrist shot by Jan Kovar.
14:10 of 2nd period - Shot Misses the Net.
14:12 of 2nd period - Snap shot by Brian Lashoff.
14:12 of 2nd period - Stopped by Mitch Gillam without a rebound.
14:13 of 2nd period - Jan Kovar wins face-off versus Jesperi Kotkaniemi in Seattle Thunderbirds zone.
14:22 of 2nd period - Slapshot by Jacob Larsson.
14:22 of 2nd period - Shot Blocked by Matt Grzelcyk.
14:24 of 2nd period - Wrist shot by Jacob MacDonald.
14:24 of 2nd period - Deflect By Matt Lorito.
14:24 of 2nd period - Stopped by Atte Tolvanen without a rebound.
14:25 of 2nd period - Gerald Mayhew wins face-off versus Jesperi Kotkaniemi in Manitoba Moose zone.
14:32 of 2nd period - Snap shot by Matt Grzelcyk.
14:32 of 2nd period - Stopped by Mitch Gillam with a rebound.
14:34 of 2nd period - Snap shot by Denis Gurianov.
14:34 of 2nd period - Shot Blocked by Jacob Larsson.
14:36 of 2nd period - Slapshot by Matt Grzelcyk.
14:36 of 2nd period - Shot Blocked by Jacob Larsson.
14:38 of 2nd period - Snap shot by Denis Gurianov.
14:38 of 2nd period - Shot Misses the Net.
14:40 of 2nd period - Slapshot by Matt Grzelcyk.
14:40 of 2nd period - Shot Blocked by Jacob Larsson.
15:05 of 2nd period - Snap shot by Jesperi Kotkaniemi.
15:05 of 2nd period - Shot Misses the Net.
15:17 of 2nd period - Jesperi Kotkaniemi is hit by Colin Greening and loses puck.
15:36 of 2nd period - Snap shot by Matt Grzelcyk.
15:36 of 2nd period - Deflect By Joey LaLeggia.
15:36 of 2nd period - Stopped by Mitch Gillam without a rebound.
15:37 of 2nd period - Gerald Mayhew wins face-off versus Sam Carrick in Seattle Thunderbirds zone.
15:38 of 2nd period - Snap shot by Denis Gurianov.
15:38 of 2nd period - Stopped by Mitch Gillam without a rebound.
15:39 of 2nd period - Sam Carrick wins face-off versus Gerald Mayhew in Seattle Thunderbirds zone.
15:39 of 2nd period - Sam Carrick is hit by Matt Hendricks.
15:45 of 2nd period - Snap shot by Stefan Noesen.
15:45 of 2nd period - Shot Misses the Net.
15:50 of 2nd period - Icing by David Warsofsky.
15:51 of 2nd period - Gerald Mayhew wins face-off versus Sam Carrick in Manitoba Moose zone.
15:51 of 2nd period - Gerald Mayhew is hit by Jacob Larsson.
16:43 of 2nd period - Brooks Macek is hit by Tom Pyatt and loses puck.
17:04 of 2nd period - Slapshot by Jacob MacDonald.
17:04 of 2nd period - Shot Blocked by Matt Grzelcyk.
17:06 of 2nd period - Slapshot by Logan Brown.
17:06 of 2nd period - Shot Blocked by Victor Mete.
17:08 of 2nd period - Wrist shot by Logan Brown.
17:08 of 2nd period - Shot Blocked by Tom Pyatt.
17:10 of 2nd period - Wrist shot by Matt Read.
17:10 of 2nd period - Shot Blocked by Victor Mete.
17:12 of 2nd period - Snap shot by Logan Brown.
17:12 of 2nd period - Stopped by Atte Tolvanen without a rebound.
17:13 of 2nd period - Jesperi Kotkaniemi wins face-off versus Gerald Mayhew in Manitoba Moose zone.
17:34 of 2nd period - Minor Penalty to Matt Hendricks for Holding.
17:35 of 2nd period - Chris Thorburn wins face-off versus Jesperi Kotkaniemi in Manitoba Moose zone.
17:42 of 2nd period - Snap shot by Matt Grzelcyk.
17:42 of 2nd period - Stopped by Mitch Gillam without a rebound.
17:43 of 2nd period - Jesperi Kotkaniemi wins face-off versus Chris Thorburn in Seattle Thunderbirds zone.
18:47 of 2nd period - Snap shot by Josh Leivo.
18:47 of 2nd period - Deflect By Tom Pyatt.
18:47 of 2nd period - Shot Misses the Net.
18:47 of 2nd period - Puck is out of play.
18:48 of 2nd period - Sam Carrick wins face-off versus Tom Pyatt in Manitoba Moose zone.
18:49 of 2nd period - Slapshot by T.J. Tynan.
18:49 of 2nd period - Shot Misses the Net.
18:51 of 2nd period - Slapshot by Jacob MacDonald.
18:51 of 2nd period - Shot Blocked by Matt Grzelcyk.
18:53 of 2nd period - Slapshot by Jacob MacDonald.
18:53 of 2nd period - Shot Misses the Net.
18:55 of 2nd period - Wrist shot by Stefan Noesen.
18:55 of 2nd period - Shot Misses the Net.
19:11 of 2nd period - Chris Thorburn is hit by Jacob Larsson and loses puck.
19:34 of 2nd period - Penalty to Matt Hendricks is over, Matt Hendricks is back on ice.
19:41 of 2nd period - Slapshot by Jacob MacDonald.
19:41 of 2nd period - Shot Misses the Net.
19:43 of 2nd period - Wrist shot by Matt Read.
19:43 of 2nd period - Stopped by Atte Tolvanen without a rebound.
19:44 of 2nd period - Logan Brown wins face-off versus Matt Hendricks in Manitoba Moose zone.
Goals for this period are 1 for Seattle Thunderbirds vs 0 for Manitoba Moose.
Shots for this period are 13 for Seattle Thunderbirds vs 13 for Manitoba Moose.

3rd period


0:01 of 3rd period - Gerald Mayhew wins face-off versus Yannick Weber in neutral zone.
0:06 of 3rd period - Wrist shot by Matt Hendricks.
0:06 of 3rd period - Stopped by Mitch Gillam with a rebound.
0:14 of 3rd period - Slapshot by Jesperi Kotkaniemi.
0:14 of 3rd period - Shot Blocked by Victor Mete.
0:16 of 3rd period - Snap shot by Jesperi Kotkaniemi.
0:16 of 3rd period - Stopped by Atte Tolvanen with a rebound.
0:26 of 3rd period - Stefan Noesen is hit by Luke Gazdic and loses puck.
0:35 of 3rd period - Slapshot by Jacob MacDonald.
0:35 of 3rd period - Stopped by Atte Tolvanen with a rebound.
1:05 of 3rd period - Slapshot by Matt Lorito.
1:05 of 3rd period - Shot Blocked by Matt Read.
1:07 of 3rd period - Snap shot by Jan Kovar.
1:07 of 3rd period - Shot Blocked by Matt Irwin.
1:12 of 3rd period - Minor Penalty to Matt Irwin for Hooking.
1:13 of 3rd period - Gerald Mayhew wins face-off versus Josh Leivo in Seattle Thunderbirds zone.
1:49 of 3rd period - Snap shot by Jan Kovar.
1:49 of 3rd period - Deflect By Colin Greening.
1:49 of 3rd period - Shot Misses the Net.
1:49 of 3rd period - Puck is out of play.
1:50 of 3rd period - Sam Carrick wins face-off versus Matt Lorito in Seattle Thunderbirds zone.
1:56 of 3rd period - Icing by Jan Kovar.
1:57 of 3rd period - Jan Kovar wins face-off versus Josh Leivo in Manitoba Moose zone.
2:46 of 3rd period - Snap shot by Matt Lorito.
2:46 of 3rd period - Shot Hit the Post.
2:50 of 3rd period - Slapshot by Matt Lorito.
2:50 of 3rd period - Shot Misses the Net.
2:52 of 3rd period - Wrist shot by Colin Greening.
2:52 of 3rd period - Shot Misses the Net.
2:54 of 3rd period - Slapshot by Andreas Borgman.
2:54 of 3rd period - Shot Blocked by Jacob MacDonald.
2:56 of 3rd period - Wrist shot by Matt Lorito.
2:56 of 3rd period - Stopped by Mitch Gillam without a rebound.
2:57 of 3rd period - Denis Gurianov wins face-off versus Josh Leivo in Seattle Thunderbirds zone.
3:00 of 3rd period - Slapshot by Denis Gurianov.
3:00 of 3rd period - Stopped by Mitch Gillam with a rebound.
3:02 of 3rd period - Wrist shot by Denis Gurianov.
3:02 of 3rd period - Goal by Denis Gurianov - Seattle Thunderbirds : 2 - Manitoba Moose : 2.
3:03 of 3rd period - Gerald Mayhew wins face-off versus Jesperi Kotkaniemi in neutral zone.
3:29 of 3rd period - Stefan Noesen is hit by Sean Malone and loses puck.
3:47 of 3rd period - Off-side.
3:48 of 3rd period - Shane Gersich wins face-off versus Logan Brown in neutral zone.
4:36 of 3rd period - Snap shot by Stefan Noesen.
4:36 of 3rd period - Shot Blocked by Chris Thorburn.
4:38 of 3rd period - Slapshot by Matt Tennyson.
4:38 of 3rd period - Shot Blocked by Victor Mete.
4:40 of 3rd period - Slapshot by Matt Tennyson.
4:40 of 3rd period - Deflect By Matt Grzelcyk.
4:40 of 3rd period - Stopped by Atte Tolvanen with a rebound.
4:44 of 3rd period - Wrist shot by Sam Carrick.
4:44 of 3rd period - Stopped by Atte Tolvanen without a rebound.
4:45 of 3rd period - Gerald Mayhew wins face-off versus Jesperi Kotkaniemi in Manitoba Moose zone.
4:55 of 3rd period - Icing by Jacob MacDonald.
4:56 of 3rd period - Gerald Mayhew wins face-off versus Yannick Weber in Seattle Thunderbirds zone.
4:56 of 3rd period - Jacob MacDonald beats up Matt Hendricks.
4:56 of 3rd period - Penalty to Matt Hendricks for Fighting.
4:56 of 3rd period - Penalty to Jacob MacDonald for Fighting.
4:57 of 3rd period - Yannick Weber wins face-off versus Gerald Mayhew in Seattle Thunderbirds zone.
4:57 of 3rd period - Yannick Weber is hit by Gerald Mayhew.
5:03 of 3rd period - Backhand shot by Denis Gurianov.
5:03 of 3rd period - Stopped by Mitch Gillam without a rebound.
5:04 of 3rd period - Jesperi Kotkaniemi wins face-off versus Gerald Mayhew in Seattle Thunderbirds zone.
5:04 of 3rd period - Jesperi Kotkaniemi is hit by Shane Gersich.
5:12 of 3rd period - Wrist shot by Yannick Weber.
5:12 of 3rd period - Shot Misses the Net.
5:26 of 3rd period - Slapshot by Matt Grzelcyk.
5:26 of 3rd period - Deflect By Gerald Mayhew.
5:26 of 3rd period - Shot Blocked by Jacob Larsson.
5:26 of 3rd period - Puck is out of play.
5:27 of 3rd period - Sam Carrick wins face-off versus Sean Malone in Seattle Thunderbirds zone.
5:36 of 3rd period - Off-side.
5:37 of 3rd period - Sean Malone wins face-off versus T.J. Tynan in neutral zone.
5:42 of 3rd period - Snap shot by Luke Gazdic.
5:42 of 3rd period - Shot Misses the Net.
5:48 of 3rd period - Slapshot by Sean Malone.
5:48 of 3rd period - Stopped by Mitch Gillam without a rebound.
5:49 of 3rd period - Gerald Mayhew wins face-off versus Jesperi Kotkaniemi in Seattle Thunderbirds zone.
5:50 of 3rd period - Snap shot by Denis Gurianov.
5:50 of 3rd period - Stopped by Mitch Gillam without a rebound.
5:51 of 3rd period - Jesperi Kotkaniemi wins face-off versus Gerald Mayhew in Seattle Thunderbirds zone.
5:58 of 3rd period - Slapshot by Jacob Larsson.
5:58 of 3rd period - Deflect By Denis Gurianov.
5:58 of 3rd period - Stopped by Atte Tolvanen with a rebound.
6:00 of 3rd period - Snap shot by Yannick Weber.
6:00 of 3rd period - Shot Misses the Net.
6:06 of 3rd period - Wrist shot by Josh Leivo.
6:06 of 3rd period - Shot Blocked by Victor Mete.
6:16 of 3rd period - Jan Kovar is hit by Sam Carrick and loses puck.
6:35 of 3rd period - Snap shot by Josh Leivo.
6:35 of 3rd period - Shot Misses the Net.
6:37 of 3rd period - Slapshot by Joey LaLeggia.
6:37 of 3rd period - Deflect By Sean Malone.
6:37 of 3rd period - Stopped by Atte Tolvanen with a rebound.
6:39 of 3rd period - Wrist shot by Matt Irwin.
6:39 of 3rd period - Shot Blocked by Victor Mete.
6:41 of 3rd period - Slapshot by Jacob Larsson.
6:41 of 3rd period - Shot Misses the Net.
6:43 of 3rd period - Slapshot by Emil Pettersson.
6:43 of 3rd period - Shot Blocked by Matt Grzelcyk.
7:24 of 3rd period - Wrist shot by Stefan Noesen.
7:24 of 3rd period - Goal by Stefan Noesen - Seattle Thunderbirds : 3 - Manitoba Moose : 2.
7:25 of 3rd period - Jesperi Kotkaniemi wins face-off versus Gerald Mayhew in neutral zone.
9:10 of 3rd period - Slapshot by Jan Kovar.
9:10 of 3rd period - Stopped by Mitch Gillam with a rebound.
9:12 of 3rd period - Snap shot by Colin Greening.
9:12 of 3rd period - Stopped by Mitch Gillam with a rebound.
10:33 of 3rd period - Icing by Jan Kovar.
10:34 of 3rd period - Jesperi Kotkaniemi wins face-off versus Shane Gersich in Manitoba Moose zone.
10:35 of 3rd period - Snap shot by Yannick Weber.
10:35 of 3rd period - Shot Misses the Net.
11:03 of 3rd period - Logan Stanley is hit by Matt Bartkowski and loses puck.
11:18 of 3rd period - Jan Kovar is hit by Logan Brown and loses puck.
11:27 of 3rd period - Slapshot by Logan Brown.
11:27 of 3rd period - Stopped by Atte Tolvanen without a rebound.
11:28 of 3rd period - Gerald Mayhew wins face-off versus Jesperi Kotkaniemi in Manitoba Moose zone.
11:28 of 3rd period - Gerald Mayhew is hit by Jesperi Kotkaniemi.
11:38 of 3rd period - Wrist shot by Josh Leivo.
11:38 of 3rd period - Shot Misses the Net.
11:40 of 3rd period - Snap shot by Yannick Weber.
11:40 of 3rd period - Deflect By Matt Grzelcyk.
11:40 of 3rd period - Shot Misses the Net.
11:40 of 3rd period - Puck is out of play.
11:41 of 3rd period - Jesperi Kotkaniemi wins face-off versus Gerald Mayhew in Manitoba Moose zone.
11:42 of 3rd period - Snap shot by Josh Leivo.
11:42 of 3rd period - Deflect By Yannick Weber.
11:42 of 3rd period - Shot Blocked by Matt Grzelcyk.
11:42 of 3rd period - Puck is out of play.
11:43 of 3rd period - Jesperi Kotkaniemi wins face-off versus Matt Hendricks in Manitoba Moose zone.
11:44 of 3rd period - Snap shot by Josh Leivo.
11:44 of 3rd period - Shot Misses the Net.
12:38 of 3rd period - Slapshot by Matt Grzelcyk.
12:38 of 3rd period - Deflect By Matt Beleskey.
12:38 of 3rd period - Shot Misses the Net.
12:38 of 3rd period - Puck is out of play.
12:39 of 3rd period - Jesperi Kotkaniemi wins face-off versus Chris Thorburn in Seattle Thunderbirds zone.
12:50 of 3rd period - Snap shot by Jesperi Kotkaniemi.
12:50 of 3rd period - Stopped by Atte Tolvanen with a rebound.
13:27 of 3rd period - Wrist shot by Matt Read.
13:27 of 3rd period - Shot Misses the Net.
13:48 of 3rd period - Andrew Campbell is hit by Gerald Mayhew and loses puck.
14:37 of 3rd period - Matt Bartkowski is hit by Stefan Noesen and loses puck.
15:14 of 3rd period - Minor Penalty to Matt Irwin for Diving.
15:15 of 3rd period - Denis Gurianov wins face-off versus Josh Leivo in Seattle Thunderbirds zone.
17:14 of 3rd period - Penalty to Matt Irwin is over, Matt Irwin is back on ice.
19:08 of 3rd period - Wrist shot by Jesperi Kotkaniemi.
19:08 of 3rd period - Stopped by Atte Tolvanen without a rebound.
19:09 of 3rd period - Scott Arniel call a timeout for Manitoba Moose.
19:09 of 3rd period - Jesperi Kotkaniemi wins face-off versus Shane Gersich in Manitoba Moose zone.
19:10 of 3rd period - Snap shot by Brett Sutter.
19:10 of 3rd period - Shot Misses the Net.
19:20 of 3rd period - Manitoba Moose, Atte Tolvanen is pulled from the net.
19:46 of 3rd period - Slapshot by Denis Gurianov.
19:46 of 3rd period - Shot Misses the Net.
19:48 of 3rd period - Slapshot by Gerald Mayhew.
19:48 of 3rd period - Stopped by Mitch Gillam without a rebound.
19:49 of 3rd period - Gerald Mayhew wins face-off versus Jesperi Kotkaniemi in Seattle Thunderbirds zone.
Goals for this period are 1 for Seattle Thunderbirds vs 1 for Manitoba Moose.
Shots for this period are 10 for Seattle Thunderbirds vs 10 for Manitoba Moose.